 Dungeon Crawl Stone Soup version 0.16.0-8-gd9ae3a8 (webtiles) character file.

2244546 Zugr the Formicid Cataclysm (level 27, 212/239 (249) HPs)
             Began as a Formicid Fighter on Mar 15, 2015.
             Was a High Priest of Qazlal.
             Escaped with the Orb
             ... and 4 runes on Mar 16, 2015!
             The game lasted 12:27:38 (81125 turns).

Zugr the Formicid Cataclysm (Formicid Fighter)     Turns: 81125, Time: 12:27:38

HP:   212/239 (249) AC: 44    Str: 35    XL:     27
MP:   41/41         EV: 18    Int: 12    God:    Qazlal [*****.]
Gold: 7298          SH: 37    Dex: 14    Spells: 0 memorised, 26 levels left

rFire  + + .     SeeInvis +     D - +9 battleaxe (vamp)
rCold  + . .     Clarity  .     U - +10 plate armour {rF+}
rNeg   + . .     SustAb   .     d - +7 large shield of Follow the Leader {MR+ Str+2 Int-2 Dex+4}
rPois  +         Gourm    .     (helmet unavailable)
rElec  +         Spirit   +     f - +2 cloak {rPois}
rCorr  .         Warding  .     P - +2 pair of gloves
rMut   .         Stasis   +     N - +2 pair of boots
MR     +++..                    r - amulet of guardian spirit
Stlth  ..........               Q - ring of Grysch {-Tele rElec rN+ Int+3}
                                b - ring of protection from fire

@: repel missiles, extremely resistant to hostile enchantments, extremely
unstealthy
A: permanent stasis, dig shafts and tunnels, four strong arms, antennae 3,
clever 1, cold resistance 1, deterioration 1, low mp 1, placid magic 1
a: Dig, Shaft Self, Upheaval, Elemental Force, Disaster Area, Renounce Religion
0: Orb of Zot
}: 4/15 runes: decaying, slimy, silver, gossamer


You escaped.
You worshipped Qazlal.
Qazlal was extremely pleased with you.
You were full.

You visited 13 branches of the dungeon, and saw 67 of its levels.
You visited the Abyss 1 time.
You also visited: Trove, Ossuary and Ice Cave.

You collected 11236 gold pieces.
You spent 3938 gold pieces at shops.

Inventory:

Hand weapons
 D - a +9 vampiric battleaxe (weapon)
Armour
 d - the +7 large shield of Follow the Leader (worn) {MR+ Str+2 Int-2 Dex+4}
   (You bought it in a shop on level 5 of the Depths)

   It affects your strength (+2).
   It affects your intelligence (-2).
   It affects your dexterity (+4).
   It affects your resistance to hostile enchantments.
 f - a +2 cloak of poison resistance (worn)
 N - a +2 pair of boots (worn)
 P - a +2 pair of gloves (worn)
 U - a +10 plate armour of fire resistance (worn)
Jewellery
 b - a ring of protection from fire (left hand)
 c - a +2 ring of protection {unknown}
 r - an amulet of guardian spirit (around neck)
 y - a cursed +3 ring of evasion
 O - an uncursed ring of protection from magic
 Q - the ring of Grysch (right hand) {-Tele rElec rN+ Int+3}
   (You found it on level 6 of the Pits of Slime)

   [ring of positive energy]

   It affects your intelligence (+3).
   It insulates you from electricity.
   It protects you from negative energy.
   It prevents most forms of teleportation.
Magical devices
 p - a wand of heal wounds (9)
Scrolls
 a - 28 scrolls of remove curse
 g - 3 scrolls of summoning
 k - a scroll of amnesia
 w - 8 scrolls of magic mapping
 x - 5 scrolls of enchant weapon
 z - 2 scrolls of identify
 A - 11 scrolls of fog
 B - 6 scrolls of fear
 C - 4 scrolls of holy word
 E - 4 scrolls of recharging
 G - 2 scrolls of enchant armour
 M - a scroll of brand weapon
Potions
 m - 2 potions of might
 n - 12 potions of flight
 s - 13 potions of restore abilities
 u - 4 potions of invisibility
 F - 27 potions of curing
 J - 7 potions of cancellation
 L - 2 potions of lignification
 S - 8 potions of agility
 V - 8 potions of magic
 Y - 5 potions of brilliance
Comestibles
 i - a bread ration
 l - 21 meat rations
 o - a slice of pizza
 t - 9 beef jerkies
 I - 11 fruits


   Skills:
 O Level 27 Fighting
 + Level 22.7 Axes
 O Level 27 Armour
 * Level 15.2 Dodging
 - Level 15.1 Shields
 O Level 27 Invocations


You had 26 spell levels left.
You didn't know any spells.

Dungeon Overview and Level Annotations

Branches:
Dungeon (15/15)            Temple (1/1) D:4            Lair (8/8) D:9
  Swamp (5/5) Lair:3       Spider (5/5) Lair:6        Slime (6/6) Lair:8
    Orc (4/4) D:12            Elf (3/3) Orc:4        Vaults (5/5) D:13
  Crypt (3/3) Vaults:3       Tomb (2/3) Crypt:3      Depths (5/5) D:15
    Zot (5/5) Depths:5

Altars:
Ashenzari
Cheibriados
Dithmenos
Elyvilon
Fedhas
Gozag
Kikubaaqudgha
Makhleb
Nemelex Xobeh
Okawaru
Qazlal
Ru
Sif Muna
Trog
Vehumet
Xom
Yredelemnul
Zin
The Shining One
Beogh
Jiyva
Lugonu

Shops:
D:6 [   D:10 :   Orc:4 %%=:   Elf:1 !   Vaults:1 [   Depths:4 }   Depths:5 [

Portals:
Hell: Depths:1 Depths:2 Depths:3 Depths:4 Depths:5
Abyss: Depths:1 Depths:3 Depths:4
Pandemonium: Depths:2 Depths:3
Ziggurat: Depths:5

Annotations:
Lair:8 bag
Zot:5 exclusion: ice statue


Innate Abilities, Weirdness & Mutations

You are under a permanent stasis effect.
You can dig through walls and to a lower floor.
Your four strong arms can wield two-handed weapons with a shield.
You have a pair of large antennae on your head (SInv).
Your mind is acute. (Int +2)
Your flesh is cold resistant.
Your body is slowly deteriorating.
Your magical capacity is low (-10% MP).
Your spells are a little easier to cast, but a little less powerful.


Message History

You extend your mandibles.
You dig through the rock wall.
You dig through the rock wall.
You dig through the rock wall.
You dig through the rock wall.
You dig through the rock wall.
You dig through the rock wall.
You dig through the rock wall.
You dig through the rock wall.
You dig through the rock wall.
You retract your mandibles.
There is a stone staircase leading up here.
You climb upwards.
You sense a powerful magical force warping space.
There is a stone staircase leading down here.
There is a staircase leading out of the dungeon here.
A bat comes into view.
There is a staircase leading out of the dungeon here.
You block the bat's attack.
You have escaped!

#.#.....#...#...#............
#.#..#...#..#..#...#....#.#..
#.....#..#..#..#..#.....#.#..
#......#..#.#.#..#......#.##.
#...#...#.#.#.#.#...#........
#....##..#.#.#.#..##....####.
#......##.#b..#.##)..........
#........#.§...#.........####
#..######.§§@...######.......
#........#§....#.........####
#......##.#...#.##.......#
#....##).#.#.#.#..##.....#
#...#...#.#.#.#.#...#....####
#......#..#.#.#..#.......##..
#.....#..#..#..#..#......##.#
###..#...#..#..#...#..#..##[#
#.....#...#...#.........#.#


You could see a bat.

Vanquished Creatures
  the royal jelly (Slime:6)
  8 orbs of fire
  Mara (twice) (Tomb:1)
  A player illusion (Tomb:1)
  5 ancient liches
  3 greater mummies (Tomb:1)
  Sojobo (Vaults:3)
  Margery (Depths:5)
  Saint Roka (Orc:4)
  A curse toe (Zot:5)
  5 Killer Klowns
  2 profane servitors (Abyss:1)
  5 golden dragons
  Jory (Vaults:5)
  Xtahua (Crypt:2)
  Frederick (Vaults:3)
  3 bone dragons
  2 Brimstone Fiends (Zot:4)
  5 electric golems
  A Hell Sentinel (D:3)
  8 liches
  29 Orb Guardians
  4 titans
  14 tentacled monstrosities
  A quicksilver dragon (Depths:3)
  Asterion (Vaults:1)
  2 deep elf master archers (Elf:3)
  3 deep elf blademasters
  4 spellforged servitors
  6 tentacled starspawn
  A Shadow Fiend (D:3)
  9 sphinxes
  2 Executioners
  An octopode crusher (Depths:4)
  6 shadow dragons
  Rupert (Lair:3)
  Agnes (Depths:1)
  6 tengu reavers
  2 thorn hunters
  35 acid blobs
  An ancient champion (Tomb:2)
  5 draconian monks
  9 fire giants
  19 azure jellies
  15 storm dragons
  8 frost giants
  Donald (Orc:3)
  2 revenants
  Wiglaf (Vaults:3)
  3 ghost moths
  5 pandemonium lords
  Maud (Lair:7)
  7 draconian scorchers
  Louise (Swamp:3)
  17 vault wardens
  A cacodemon (Elf:3)
  4 draconian knights
  2 curse skulls
  2 iron dragons
  5 deep elf sorcerers
  3 balrugs
  4 draconian zealots
  9 emperor scorpions
  7 ghouls
  3 spriggan defenders
  3 draconian annihilators (Zot:1)
  19 ironheart preservers
  6 draconian shifters
  5 caustic shrike skeletons (Depths:4)
  9 war gargoyles
  4 reapers
  40 stone giants
  10 very ugly things
  2 draconian callers
  10 green draconians
  8 grey draconians
  12 deep elf demonologists
  4 black draconians
  7 yellow draconians
  8 purple draconians
  7 dire elephants
  A black sun (D:6)
  7 white draconians
  10 deep elf annihilators
  7 pale draconians
  5 mottled draconians
  2 red draconians
  6 vampire knights
  3 unborn
  11 deep elf death magi
  3 eidola
  2 green deaths
  A lorocyproca (Abyss:1)
  Snorg (Orc:4)
  12 death oozes
  10 jiangshi
  10 mummy priests
  14 fire dragons
  16 ettins
  18 ogre magi
  Josephine (D:14)
  25 vault guards
  18 great orbs of eyes
  10 deep elf high priests
  An ettin (shapeshifter) (Vaults:5)
  9 yaktaur captains
  A great orb of eyes (shapeshifter) (Vaults:5)
  7 death cobs
  Harold (Lair:1)
  28 hydras
  2 naga warriors (Abyss:2)
  15 ice dragons
  7 rakshasas
  5 spriggan air magi
  Nessos (D:14)
  11 alligators
  A quicksilver dragon skeleton (Depths:4)
  A ghost crab (Swamp:5)
  An anaconda (Lair:8)
  2 catoblepae
  15 dancing weapons
  11 centaur warriors
  5 deep troll shamans
  5 deep troll earth magi
  10 vampire magi
  An alligator (shapeshifter) (Vaults:4)
  43 death yaks
  A death knight (Crypt:1)
  The ghost of CrazyArbalest the Quickloader, an experienced CeHu of Gozag (D:9)
  5 orc high priests
  A tengu warrior (D:14)
  5 soul eaters
  4 spriggan berserkers
  30 deep elf knights
  3 sun demons
  3 shadow wraiths
  2 thrashing horrors (Abyss:2)
  4 titan skeletons
  7 wretched stars
  23 death scarabs
  A fire crab (shapeshifter) (Elf:3)
  A golden dragon zombie (Abyss:1)
  34 skeletal warriors
  2 iron trolls
  A ghost moth zombie (Crypt:1)
  2 salamander mystics (Depths:3)
  3 storm dragon skeletons
  4 giant orange brains
  11 hell knights
  2 ice devils
  5 unseen horrors
  27 deep trolls
  2 infernal demonspawn (D:6)
  A spectral anaconda (Swamp:5)
  A spectral hydra (Tomb:1)
  13 flayed ghosts
  14 swamp dragons
  6 spriggan druids
  2 death drakes (Zot:4)
  14 deep elf conjurers
  A mana viper (Tomb:2)
  11 deep elf summoners
  3 golden dragon skeletons
  6 shambling mangroves
  20 ironbrand convokers
  5 harpies (Vaults:3)
  A hill giant (shapeshifter) (Vaults:5)
  5 hill giants
  2 anaconda skeletons
  A lindwurm (shapeshifter) (Elf:1)
  12 hornets
  13 orb spiders
  5 orc sorcerers
  An iron dragon zombie (Tomb:1)
  3 deathcaps (Zot:5)
  9 griffons
  3 ugly thing zombies (D:14)
  A manticore (Depths:4)
  8 anubis guards (Tomb:1)
  15 orc knights
  49 ugly things
  5 necromancers
  12 wizards
  4 tengu skeletons
  7 shining eyes
  2 shadow dragon skeletons (Depths:4)
  A shining eye (shapeshifter) (Vaults:5)
  A faun (shapeshifter) (Vaults:5)
  42 wolf spiders
  136 slime creatures
  9 salamanders
  6 sixfirhies
  13 phantasmal warriors
  2 sphinx skeletons
  12 fire giant skeletons
  2 frost giant zombies
  A water nymph (shapeshifter) (Vaults:5)
  3 iron dragon skeletons
  A spectral spriggan (Swamp:5)
  27 moths of wrath
  Maurice (D:12)
  28 elephants
  A salamander (shapeshifter) (Vaults:3)
  4 frost giant skeletons
  An elf zombie (Crypt:2)
  Joseph (Orc:2)
  5 gargoyles
  5 cyclopes
  A hellion (Elf:3)
  5 rust devils
  6 smoke demons
  A queen ant (Spider:2)
  2 torpor snails
  5 black mambas
  3 worldbinders (Abyss:1)
  14 vault sentinels
  A guardian serpent (Abyss:2)
  A naga mage (D:15)
  7 orange demons
  3 apocalypse crabs
  17 large abominations
  2 black mambas (shapeshifter)
  18 spiny frogs
  A spriggan skeleton (Depths:4)
  3 eyes of devastation
  51 yaktaurs
  Psyche (Vaults:3)
  A dire elephant skeleton (Crypt:3)
  4 kobold demonologists
  A yaktaur (shapeshifter) (Vaults:4)
  An elf (shapeshifter) (Vaults:5)
  An efreet (D:15)
  A black draconian zombie (Crypt:1)
  A green draconian skeleton (Crypt:1)
  A tormentor (D:4)
  A death yak zombie (Crypt:2)
  6 blue devils
  13 freezing wraiths
  19 demonic crawlers
  8 fire drakes
  A yellow draconian skeleton (Crypt:2)
  5 komodo dragons
  A redback zombie (D:13)
  27 jumping spiders
  3 ancient zymes (Abyss:1)
  3 wandering mushrooms (Zot:5)
  2 tengu conjurers (Depths:1)
  An iron troll zombie (Crypt:2)
  17 deep elf priests
  An iron troll skeleton (Crypt:1)
  11 guardian mummies
  2 queen bees (shapeshifter)
  A hydra zombie (Abyss:1)
  A yaktaur skeleton (Vaults:3)
  5 red devils
  A two-headed ogre (shapeshifter) (Elf:3)
  3 polar bears
  7 giant leeches
  A giant leech (shapeshifter) (Vaults:5)
  2 hellwings
  10 trolls
  15 boulder beetles
  A boulder beetle (shapeshifter) (D:15)
  A silent spectre (Crypt:2)
  A guardian serpent zombie (Crypt:2)
  2 hornet zombies
  An iron dragon simulacrum (Tomb:1)
  A wind drake (shapeshifter) (Vaults:2)
  6 bog bodies
  A minotaur skeleton (Crypt:1)
  26 two-headed ogres
  23 blink frogs
  A fire dragon zombie (Crypt:1)
  18 ravens
  A raven (shapeshifter) (Vaults:2)
  2 ushabtiu
  A trapdoor spider zombie (D:13)
  9 baby alligators
  2 raiju (Abyss:1)
  15 trapdoor spiders
  An ice dragon zombie (Crypt:1)
  A stone giant simulacrum (Crypt:1)
  9 ynoxinuls
  6 basilisks
  25 tarantellas
  17 air elementals
  A basilisk (shapeshifter) (Depths:5)
  A redback (shapeshifter) (Vaults:5)
  3 ettin skeletons (Vaults:3)
  14 vampires
  27 starcursed masses
  26 spriggans
  38 flying skulls
  33 deep elf magi
  An ice dragon skeleton (Crypt:3)
  An alligator skeleton (Crypt:3)
  67 redbacks
  A yaktaur simulacrum (Vaults:3)
  A tarantella (shapeshifter) (Vaults:3)
  13 wraiths
  A fire elemental (Tomb:1)
  8 fire dragon skeletons (Crypt:3)
  22 small abominations
  3 wyverns
  13 shadows
  16 humans (Vaults:3)
  32 vampire mosquitoes
  47 yaks
  11 hippogriffs
  6 water elementals
  5 golden eyes (Slime:6)
  5 chaos spawn
  4 elf skeletons (Depths:4)
  Grum (Orc:2)
  47 deep elf fighters
  3 human simulacra
  A steam dragon (shapeshifter) (Vaults:5)
  11 hungry ghosts
  30 wolves
  6 wargs
  Edmund (D:8)
  3 nagas
  6 neqoxecs
  31 swamp worms
  15 porcupines
  42 water moccasins
  4 mottled dragons
  14 soldier ants (Spider:2)
  An ettin simulacrum (Tomb:1)
  2 human zombies
  A water moccasin (shapeshifter) (Vaults:5)
  A deep troll skeleton (Vaults:3)
  22 ice beasts
  A hydra simulacrum (Crypt:1)
  A black bear (D:9)
  2 infernal demonspawn skeletons
  27 spiders
  42 orc warriors
  4 human skeletons
  A phantom (Zot:5)
  A spiny frog skeleton (Crypt:1)
  5 sky beasts
  12 necrophages
  15 wasps
  15 swamp drakes
  12 eyes of draining
  67 ogres
  17 crocodiles
  An elephant skeleton (Crypt:1)
  2 boring beetles (Spider:4)
  10 centaurs
  A snapping turtle skeleton (Abyss:1)
  Duvessa (D:8)
  A boring beetle (shapeshifter) (Elf:1)
  6 big kobolds
  A brain worm (D:9)
  Blork the orc (D:4)
  24 giant frogs
  2 wyvern zombies (D:13)
  A wyvern skeleton (D:9)
  15 scorpions
  5 killer bees
  A polar bear zombie (Crypt:1)
  A boulder beetle zombie (Crypt:2)
  3 vampire bats (D:6)
  5 electric eels
  A snapping turtle simulacrum (Tomb:1)
  A troll skeleton (Tomb:2)
  28 wights
  10 crimson imps
  A giant frog zombie (D:14)
  Dowan (D:8)
  6 goliath beetles
  27 jellies
  17 hounds
  9 centaur zombies
  6 giant frog skeletons
  9 iguanas
  44 orc priests
  5 quasits
  A gnoll shaman (D:5)
  5 iron imps
  13 hell rats
  6 centaur skeletons
  47 orc wizards
  A spectral swamp drake (Swamp:5)
  A demonspawn skeleton (Crypt:2)
  30 worker ants
  37 sheep
  A big kobold zombie (Ossuary)
  Ijyb (D:4)
  A hound zombie (D:4)
  Terence (D:2)
  28 mummies
  3 hound skeletons
  Robin (D:2)
  22 gnolls
  3 worker ant zombies
  41 adders
  47 river rats
  3 shadow imps
  4 giant mites
  5 white imps
  5 worms
  59 ufetubi
  An adder skeleton (D:9)
  5 giant geckos
  2 oozes
  197 orcs
  3 ball pythons
  9 bats
  2 bat skeletons (D:6)
  4 bat zombies
  7 giant cockroaches
  27 goblins
  22 hobgoblins
  10 jackals
  14 quokkas
  A giant gecko skeleton (D:7)
  4 giant newts
  A gnoll zombie (Ossuary)
  3 hobgoblin zombies
  22 kobolds
  A kobold zombie (Ossuary)
  4 orc zombies (Ossuary)
  13 rats
  8 ballistomycetes
  12 crawling corpses
  An eldritch tentacle segment (Abyss:1)
  71 fungi
  2 macabre masses (Depths:2)
  70 plants
  7 starspawn tentacles
4082 creatures vanquished.

Vanquished Creatures (collateral kills)
  An azure jelly (Slime:6)
  An emperor scorpion (Spider:4)
  A mummy priest (Tomb:2)
  A death ooze (Slime:6)
  An ugly thing (D:13)
  A mana viper (Tomb:2)
  A red devil (Zot:5)
  A large abomination (D:14)
  An air elemental (Slime:6)
  A killer bee (Zot:5)
  A hell rat (Zot:5)
11 creatures vanquished.

Vanquished Creatures (others)
  An eldritch tentacle (Abyss:1)
  A fire giant (Vaults:5)
  3 stone giants
  A black draconian (Zot:5)
  A mottled draconian (Zot:5)
  A mummy priest (Tomb:2)
  2 yaktaur captains (Vaults:2)
  A fulminant prism (D:3)
  A hydra (Swamp:5)
  A hill giant (Vaults:1)
  A mana viper (Tomb:2)
  An orc knight (Vaults:2)
  6 yaktaurs
  A trapdoor spider (Spider:4)
  2 water elementals
  7 air elementals
  A redback (Spider:1)
  A deep elf fighter (Elf:3)
  A swamp worm (Swamp:5)
  An orc warrior (D:14)
  9 lost souls
  5 centaurs
  An earth elemental (Slime:6)
  An orc wizard (Orc:4)
  3 sheep (Lair:1)
  6 orcs
  2 giant spores
  A goblin (D:5)
  3 ballistomycetes (D:12)
  A briar patch (Swamp:5)
  3 eldritch tentacle segments (Abyss:1)
  7 fungi
  43 plants
  19 starspawn tentacles (Abyss:1)
  93 starspawn tentacle segments
232 creatures vanquished.

Grand Total: 4325 creatures vanquished

Notes
Turn   | Place    | Note
--------------------------------------------------------------
     0 | D:1      | Zugr, the Formicid Fighter, began the quest for the Orb.
     0 | D:1      | Reached XP level 1. HP: 18/18 MP: 1/1
   113 | D:1      | Reached XP level 2. HP: 24/24 MP: 3/3
   599 | D:1      | You fall through a shaft!
   639 | D:2      | Noticed Terence
   644 | D:2      | Killed Terence
   644 | D:2      | Reached XP level 3. HP: 20/29 MP: 4/4
   804 | D:2      | Reached XP level 4. HP: 35/35 MP: 5/5
   804 | D:2      | Reached skill level 4 in Axes
  1013 | D:2      | Found a basalt altar of Yredelemnul.
  1147 | D:2      | Noticed Robin
  1162 | D:2      | Killed Robin
  1271 | D:2      | Found a sparkling altar of Nemelex Xobeh.
  1473 | D:3      | Reached XP level 5. HP: 41/41 MP: 7/7
  1485 | D:3      | Reached skill level 5 in Axes
  2156 | D:3      | Reached XP level 6. HP: 40/47 MP: 8/8
  2338 | D:3      | Found a burning altar of Makhleb.
  2338 | D:3      | Noticed a blizzard demon
  2705 | D:4      | Found a stormy altar of Qazlal.
  2713 | D:4      | Became a worshipper of Qazlal Stormbringer
  2823 | D:4      | Found a staircase to the Ecumenical Temple.
  2839 | D:4      | Reached skill level 6 in Axes
  3303 | D:4      | Reached skill level 7 in Axes
  3303 | D:4      | Reached XP level 7. HP: 50/52 MP: 9/9
  3535 | D:4      | Noticed a sky beast
  3549 | D:4      | Killed a sky beast
  3705 | D:4      | Acquired Qazlal's first power
  3705 | D:4      | Reached skill level 8 in Axes
  3711 | D:4      | Noticed Ijyb
  3719 | D:4      | Reached skill level 1 in Invocations
  3724 | D:4      | Killed Ijyb
  3973 | D:4      | Reached XP level 8. HP: 33/58 MP: 11/13
  4283 | D:4      | Noticed Blork the orc
  4295 | D:4      | Killed Blork the orc
  4805 | D:5      | Entered Level 5 of the Dungeon
  5006 | D:5      | Found a radiant altar of Vehumet.
  5279 | D:5      | Acquired Qazlal's second power
  5282 | D:5      | Reached skill level 5 in Invocations
  5381 | D:5      | Found a glowing golden altar of the Shining One.
  5938 | D:6      | Reached XP level 9. HP: 64/64 MP: 21/21
  6123 | D:6      | Reached skill level 9 in Axes
  6191 | D:6      | Found an ancient bone altar of Kikubaaqudgha.
  6328 | D:6      | Found a sacrificial altar of Ru.
  6382 | D:6      | Found Odout's Armour Emporium.
  6402 | D:6      | Found a deep blue altar of Sif Muna.
  6610 | D:6      | Found a shimmering altar of Xom.
  6764 | D:7      | Acquired Qazlal's third power
  7154 | D:7      | Found a sand-covered staircase.
  7231 | Ossuary  | Entered an ossuary
  7456 | D:7      | Acquired Qazlal's fourth power
  7650 | D:7      | Reached skill level 10 in Invocations
  7890 | D:8      | Reached XP level 10. HP: 37/70 MP: 23/25
  8069 | D:8      | Reached skill level 10 in Axes
  8306 | D:8      | Noticed a centaur zombie
  8318 | D:8      | Killed a centaur zombie
  8489 | D:8      | Noticed Duvessa
  8490 | D:8      | Noticed Dowan
  8497 | D:8      | Killed Duvessa
  8502 | D:8      | Reached skill level 11 in Invocations
  8505 | D:8      | Killed Dowan
  8528 | D:8      | Noticed Edmund
  8699 | D:8      | Killed Edmund
  8883 | D:8      | Found an opulent altar of Gozag.
  9085 | D:8      | Found a snail-covered altar of Cheibriados.
  9254 | D:6      | Bought a +4 plate armour of fire resistance for 600 gold pieces
  9368 | D:9      | Reached skill level 5 in Shields
  9429 | D:9      | Reached skill level 5 in Armour
  9508 | D:9      | Found a staircase to the Lair.
  9526 | D:9      | Reached XP level 11. HP: 78/78 MP: 27/27
  9708 | D:9      | You fall through a shaft for 2 floors!
  9723 | D:10     | Entered Level 10 of the Dungeon
  9792 | D:10     | Reached skill level 12 in Invocations
  9793 | D:10     | Reached skill level 5 in Fighting
  9993 | D:10     | Found Kaamycap's Book Emporium.
 10959 | D:9      | Noticed a seven-headed hydra
 10967 | D:9      | Killed a seven-headed hydra
 11216 | D:9      | Reached skill level 13 in Invocations
 11391 | D:9      | Noticed CrazyArbalest's ghost (experienced CeHu)
 11410 | D:9      | Killed CrazyArbalest's ghost
 11410 | D:9      | Reached XP level 12. HP: 64/85 MP: 29/29
 11786 | Lair:1   | Entered Level 1 of the Lair of Beasts
 12268 | Lair:1   | Noticed Harold
 12285 | Lair:1   | Killed Harold
 12633 | Lair:1   | Found a white marble altar of Elyvilon.
 12795 | Lair:1   | Found a shimmering altar of Xom.
 13411 | Lair:2   | Reached skill level 14 in Invocations
 13796 | Lair:3   | Got a shimmering buckler
 13797 | Lair:3   | Identified the +1 buckler of the Eight Boll Weevils {rF- rCorr Int+3 Dex+3} (You found it on level 3 of the Lair of Beasts)
 13929 | Lair:3   | Acquired Qazlal's fifth power
 14231 | Lair:3   | Reached XP level 13. HP: 88/94 MP: 31/31
 14243 | Lair:3   | Found a frozen archway.
 14253 | IceCv    | Entered an ice cave
 15124 | Lair:3   | Reached skill level 15 in Invocations
 15341 | Lair:3   | Found a staircase to the Swamp.
 15426 | Lair:4   | Noticed Rupert
 15498 | Lair:3   | Killed Rupert
 16528 | Lair:5   | Reached skill level 10 in Shields
 16737 | Lair:5   | Reached XP level 14. HP: 93/104 MP: 33/33
 16793 | Lair:5   | Reached skill level 16 in Invocations
 17921 | Lair:6   | Found a hole to the Spider Nest.
 19680 | D:11     | Reached skill level 10 in Fighting
 20121 | D:11     | Noticed a cyclops
 20134 | D:11     | Killed a cyclops
 20342 | D:12     | Reached skill level 10 in Armour
 20557 | D:12     | Noticed Maurice
 20570 | D:12     | Killed Maurice
 20846 | D:12     | Reached skill level 17 in Invocations
 21437 | D:12     | Found a staircase to the Orcish Mines.
 21661 | Orc:1    | Entered Level 1 of the Orcish Mines
 21684 | Orc:1    | Reached XP level 15. HP: 112/112 MP: 34/34
 21906 | Orc:2    | Noticed Grum
 21915 | Orc:2    | Killed Grum
 21964 | Orc:2    | Noticed Joseph
 21979 | Orc:2    | Killed Joseph
 22251 | Orc:3    | Found a roughly hewn altar of Beogh.
 22331 | Orc:3    | Noticed Donald
 22341 | Orc:3    | Killed Donald
 22945 | Orc:4    | Entered Level 4 of the Orcish Mines
 23405 | Orc:4    | Found Pnuowur's Jewellery Shop.
 23405 | Orc:4    | Found Ehoiteug's Book Shop.
 23405 | Orc:4    | Found Edayveto's Food Boutique.
 23409 | Orc:4    | Found Schoc's Food Boutique.
 23446 | Orc:4    | Noticed Snorg
 23454 | Orc:4    | Killed Snorg
 23478 | Orc:4    | Noticed Saint Roka
 23642 | Orc:4    | Killed Saint Roka
 24092 | Orc:4    | Found a staircase to the Elven Halls.
 24847 | D:13     | Reached skill level 18 in Invocations
 25672 | D:13     | Found a gate to the Vaults.
 25850 | D:13     | Got an iridescent war axe
 25851 | D:13     | Identified the +5 war axe "Schareyrch" {drain, -Tele rC+ MR+ MP+9 Int+5} (You found it on level 13 of the Dungeon)
 26031 | D:12     | Reached XP level 16. HP: 111/122 MP: 36/36
 26453 | Spider:1 | Entered Level 1 of the Spider Nest
 28166 | Spider:3 | Reached skill level 19 in Invocations
 29660 | Spider:4 | Reached XP level 17. HP: 114/131 MP: 37/37
 30265 | Spider:5 | Entered Level 5 of the Spider Nest
 30596 | Spider:5 | Reached skill level 20 in Invocations
 30846 | Spider:5 | Reached skill level 15 in Axes
 31806 | Spider:5 | Got a gossamer rune of Zot
 31880 | Spider:5 | Upgraded the game from 0.16.0-7-ge91f220 to 0.16.0-8-gd9ae3a8
 32189 | Swamp:1  | Entered Level 1 of the Swamp
 33075 | Swamp:2  | Reached XP level 18. HP: 140/140 MP: 38/38
 33223 | Swamp:2  | Reached skill level 21 in Invocations
 34139 | Swamp:3  | Noticed Louise
 34151 | Swamp:3  | Killed Louise
 34515 | Swamp:3  | You fall through a shaft!
 35309 | Swamp:5  | Entered Level 5 of the Swamp
 35680 | Swamp:5  | Reached skill level 22 in Invocations
 36005 | Swamp:5  | Reached XP level 19. HP: 88/149 MP: 39/39
 37018 | Swamp:5  | Got a decaying rune of Zot
 37807 | Lair:7   | Noticed Maud
 37818 | Lair:7   | Killed Maud
 37939 | Lair:7   | Reached skill level 15 in Fighting
 38245 | Lair:8   | Entered Level 8 of the Lair of Beasts
 38672 | Lair:8   | Found a runed door.
 38676 | Lair:8   | Found a viscous altar of Jiyva.
 38677 | Lair:8   | Found a staircase to the Slime Pits.
 39149 | Lair:8   | Reached skill level 23 in Invocations
 39228 | Lair:8   | Got a warped hand axe
 39232 | Lair:8   | Identified the +6 hand axe of the Shallot {freeze, +Fly MR+ Dex-5} (You found it on level 8 of the Lair of Beasts)
 39282 | Lair:8   | Reached skill level 15 in Armour
 39709 | D:14     | Noticed Nessos
 39715 | D:14     | Killed Nessos
 39751 | D:14     | Noticed Josephine
 39758 | D:14     | Killed Josephine
 40896 | D:14     | Reached XP level 20. HP: 157/159 MP: 40/40
 40972 | D:15     | Entered Level 15 of the Dungeon
 41356 | D:15     | Found a staircase to the Depths.
 41678 | Vaults:1 | Entered Level 1 of the Vaults
 41698 | Vaults:1 | Noticed Asterion
 41706 | Vaults:1 | Killed Asterion
 42390 | Vaults:1 | Found Biesch's Armour Emporium.
 42403 | Vaults:1 | Got an encrusted broad axe
 42414 | Vaults:1 | Identified the +4 broad axe of Pepneurr {drain, rElec rPois rF++ Int-2} (You found it on level 1 of the Vaults)
 43205 | Vaults:2 | Reached skill level 24 in Invocations
 43519 | Vaults:2 | Reached XP level 21. HP: 167/167 MP: 39/41
 43603 | Vaults:2 | Found a glowing golden altar of the Shining One.
 45183 | Vaults:3 | Noticed Wiglaf
 45197 | Vaults:3 | Reached skill level 25 in Invocations
 45207 | Vaults:3 | Killed Wiglaf
 45346 | Vaults:3 | Reached XP level 22. HP: 168/176 MP: 40/42
 45419 | Vaults:3 | Noticed Psyche
 45422 | Vaults:3 | Killed Psyche
 45783 | Vaults:3 | Noticed Sojobo
 45785 | Vaults:3 | Noticed Frederick
 46322 | Depths:1 | Entered Level 1 of the Depths
 46624 | Depths:1 | Found a one-way gate to the infinite horrors of the Abyss.
 46760 | Depths:1 | Noticed Agnes
 46768 | Depths:1 | Killed Agnes
 47323 | Depths:1 | Found a gateway to Hell.
 47992 | Depths:2 | Found a one-way gate leading to the halls of Pandemonium.
 48315 | Depths:2 | Reached skill level 26 in Invocations
 48333 | Depths:2 | Reached XP level 23. HP: 173/184 MP: 40/43
 48681 | Depths:3 | Found a corrupted altar of Lugonu.
 50178 | Depths:4 | Found Miurio's Gadget Shop.
 50316 | Depths:4 | Reached XP level 24. HP: 159/194 MP: 43/44
 50335 | Depths:4 | Reached skill level 27 in Invocations
 51085 | Depths:5 | Entered Level 5 of the Depths
 51466 | Depths:5 | Found a gate to the Realm of Zot.
 51500 | Depths:5 | Gained mutation: Your flesh is heat resistant. [potion of beneficial mutation]
 51501 | Depths:5 | Gained mutation: You are partially covered in rugged brown scales (AC +1, +3% HP). [potion of beneficial mutation]
 52095 | Elf:1    | Entered Level 1 of the Elven Halls
 52188 | Elf:1    | Found Pozxul's Distillery.
 52397 | Elf:1    | Found a portal to a secret trove of treasure.
 52642 | Elf:1    | Bought a potion of heal wounds for 90 gold pieces
 52642 | Elf:1    | Bought a potion of curing for 54 gold pieces
 53364 | Elf:2    | Found a runed gate.
 53365 | Elf:2    | Found a runed gate.
 53367 | Elf:2    | Found a runed gate.
 53856 | Elf:2    | Reached XP level 25. HP: 209/209 MP: 45/45
 54462 | Elf:3    | Entered Level 3 of the Elven Halls
 54821 | Elf:3    | Identified a scroll of acquirement
 55175 | Elf:3    | Cast into the Abyss (a deep elf demonologist)
 55197 | Abyss:1  | Found a corrupted altar of Lugonu.
 55401 | Abyss:1  | Gained mutation: Armour fits poorly on your strangely shaped body. [a neqoxec]
 55899 | Abyss:1  | Gained mutation: You are weak. (Str -2) [a neqoxec]
 55918 | Abyss:1  | Found a corrupted altar of Lugonu.
 55929 | Abyss:1  | Noticed an ancient lich
 55941 | Abyss:1  | Killed an ancient lich
 56078 | Abyss:2  | Reached XP level 26. HP: 220/220 MP: 42/45
 56119 | Abyss:2  | Gained mutation: Your body is slowly deteriorating. [a neqoxec]
 56245 | Elf:3    | Escaped the Abyss
 56459 | Elf:3    | Got a heavily runed ruby amulet
 56461 | Elf:3    | Identified the amulet "Fudwaach" {rCorr Str+5} (You acquired it on level 3 of the Elven Halls)
 57332 | Slime:1  | Entered Level 1 of the Pits of Slime
 57358 | Slime:1  | Gained mutation: You are very weak. (Str -4) [a shining eye]
 57790 | Slime:2  | Gained mutation: You heal slowly when monsters are visible. [a shining eye]
 57792 | Slime:2  | Gained mutation: You are dopey. (Int -2) [a shining eye]
 57794 | Slime:2  | Lost mutation: You are very weak. (Str -4) [potion of cure mutation]
 57794 | Slime:2  | Lost mutation: Your body is slowly deteriorating. [potion of cure mutation]
 57794 | Slime:2  | Lost mutation: Armour fits poorly on your strangely shaped body. [potion of cure mutation]
 57794 | Slime:2  | Lost mutation: You heal slowly when monsters are visible. [potion of cure mutation]
 57794 | Slime:2  | Lost mutation: You are dopey. (Int -2) [potion of cure mutation]
 57795 | Slime:2  | Lost mutation: Your flesh is heat resistant. [potion of cure mutation]
 57795 | Slime:2  | Lost mutation: You are weak. (Str -2) [potion of cure mutation]
 57795 | Slime:2  | Lost mutation: You are partially covered in rugged brown scales (AC +1, +3% HP). [potion of cure mutation]
 58359 | Slime:4  | Gained mutation: You are weak. (Str -2) [a shining eye]
 59458 | Slime:6  | Entered Level 6 of the Pits of Slime
 59536 | Slime:6  | Noticed the royal jelly
 59803 | Slime:6  | Killed the royal jelly
 59916 | Slime:6  | Gained mutation: Your magical capacity is low (-10% MP). [a shining eye]
 60295 | Slime:6  | Got a faintly glowing platinum ring
 60333 | Slime:6  | Got a slimy rune of Zot
 60346 | Slime:6  | Identified the ring of Grysch {-Tele rElec rN+ Int+3} (You found it on level 6 of the Pits of Slime)
 60438 | Slime:5  | Reached XP level 27. HP: 227/227 MP: 41/41
 61720 | Elf:1    | Bought a potion of resistance for 180 gold pieces
 61720 | Elf:1    | Bought a potion of cure mutation for 630 gold pieces
 61720 | Elf:1    | Lost mutation: Your magical capacity is low (-10% MP). [potion of cure mutation]
 61720 | Elf:1    | Lost mutation: You are weak. (Str -2) [potion of cure mutation]
 61721 | Elf:1    | Gained mutation: Your mind is acute. (Int +2) [potion of beneficial mutation]
 62809 | Vaults:3 | Killed Sojobo
 62810 | Vaults:3 | Killed Frederick
 63108 | Vaults:3 | Found a staircase to the Crypt.
 63119 | Crypt:1  | Entered Level 1 of the Crypt
 64616 | Crypt:2  | Noticed Xtahua
 64624 | Crypt:2  | Killed Xtahua
 64759 | Crypt:3  | Entered Level 3 of the Crypt
 65297 | Crypt:3  | Noticed an ancient lich
 65298 | Crypt:3  | Found an ancient bone altar of Kikubaaqudgha.
 65299 | Crypt:3  | Noticed an ancient lich
 65310 | Crypt:3  | Killed an ancient lich
 65313 | Crypt:3  | Killed an ancient lich
 65393 | Crypt:3  | Noticed an ancient lich
 65401 | Crypt:3  | Killed an ancient lich
 65526 | Crypt:3  | Got an iridescent dagger
 65528 | Crypt:3  | Identified the cursed +3 dagger of the Known World {pierce, Int+5} (You found it on level 3 of the Crypt)
 65531 | Crypt:3  | Identified the Guide on Evil
 65924 | Crypt:3  | Found a staircase to the Tomb.
 67292 | Elf:1    | You showed the slimy rune of Zot to enter a treasure trove
 67293 | Trove    | Entered a treasure trove
 67308 | Trove    | Got a steaming copper ring
 67310 | Trove    | Identified the ring "Qocwa" {+cTele rC+ Str-2 Dex+5} (You found it in a treasure trove)
 67337 | Trove    | Got a scintillating amber ring
 67364 | Trove    | Identified the ring "Coxeka" {rElec MR- Int+4 Dex+3} (You found it in a treasure trove)
 67976 | Temple   | Entered the Ecumenical Temple
 69765 | Vaults:5 | Entered Level 5 of the Vaults
 69781 | Vaults:5 | Noticed Jory
 69807 | Vaults:5 | Killed Jory
 70057 | Vaults:5 | Got an ivory long sword
 70057 | Vaults:5 | Got a coiled amber ring
 70059 | Vaults:5 | Identified the ring "Duobopn" {SustAb Dex+4} (You took it off an ironheart preserver on level 5 of the Vaults)
 70060 | Vaults:5 | Identified the +2 long sword of Treu {distort, Int+3} (You took it off an ironheart preserver on level 5 of the Vaults)
 70390 | Vaults:5 | Got a silver rune of Zot
 70485 | Vaults:5 | Reached skill level 27 in Fighting
 71350 | Tomb:1   | Entered Level 1 of the Tomb of the Ancients
 71650 | Tomb:1   | Noticed Mara
 71653 | Tomb:1   | Noticed Zugr's illusion
 71667 | Tomb:1   | Killed Mara
 71672 | Tomb:1   | Killed Zugr's illusion
 71717 | Tomb:1   | Killed Mara
 71906 | Tomb:1   | Noticed a greater mummy
 71916 | Tomb:1   | Killed a greater mummy
 71927 | Tomb:1   | Noticed a greater mummy
 71939 | Tomb:1   | Killed a greater mummy
 72785 | Tomb:2   | Noticed a greater mummy
 72785 | Tomb:2   | Noticed a greater mummy
 72786 | Tomb:2   | Noticed a greater mummy
 72786 | Tomb:2   | Noticed a greater mummy
 73046 | Tomb:1   | Killed a greater mummy
 74788 | Depths:5 | Found a gateway to a ziggurat.
 74896 | Depths:5 | Noticed Margery
 74904 | Depths:5 | Killed Margery
 75206 | Depths:5 | Found Cluafao's Antique Armour Shop.
 75332 | Depths:5 | Bought an ancient large shield for 304 gold pieces
 75332 | Depths:5 | Bought an ancient quicksilver dragon armour for 2080 gold pieces
 75332 | Depths:5 | Identified the +7 large shield of Follow the Leader {MR+ Str+2 Int-2 Dex+4} (You bought it in a shop on level 5 of the Depths)
 75333 | Depths:5 | Identified the quicksilver dragon armour "Pruohih" {-Cast MR+ MP+9 Int+2 Dex+2} (You bought it in a shop on level 5 of the Depths)
 75370 | Zot:1    | Entered Level 1 of the Realm of Zot
 77299 | Zot:2    | Reached skill level 15 in Shields
 77903 | Zot:3    | Reached skill level 27 in Armour
 77903 | Zot:3    | Reached skill level 1 in Dodging
 78643 | Zot:4    | Noticed an orb of fire
 78662 | Zot:4    | Gained mutation: You are frail (-10% HP). [an orb of fire]
 78663 | Zot:4    | Killed an orb of fire
 78670 | Zot:4    | Reached skill level 5 in Dodging
 79252 | Zot:5    | Entered Level 5 of the Realm of Zot
 79371 | Zot:5    | Noticed an orb of fire
 79381 | Zot:5    | Noticed an orb of fire
 79381 | Zot:5    | Gained mutation: Your spells are a little easier to cast, but a little less powerful. [an orb of fire]
 79385 | Zot:5    | Killed an orb of fire
 79392 | Zot:5    | Noticed an orb of fire
 79404 | Zot:5    | Killed an orb of fire
 79404 | Zot:5    | Gained mutation: Your flesh is cold resistant. [an orb of fire]
 79409 | Zot:5    | Killed an orb of fire
 79596 | Zot:5    | Noticed an ancient lich
 79609 | Zot:5    | Killed an ancient lich
 79609 | Zot:5    | Reached skill level 10 in Dodging
 79634 | Zot:5    | Noticed an orb of fire
 79640 | Zot:5    | Noticed an orb of fire
 79647 | Zot:5    | Gained mutation: Your body is slowly deteriorating. [an orb of fire]
 79653 | Zot:5    | Gained mutation: Your magical capacity is low (-10% MP). [an orb of fire]
 79656 | Zot:5    | Killed an orb of fire
 79656 | Zot:5    | Gained mutation: Your body is deteriorating. [an orb of fire]
 79659 | Zot:5    | Gained mutation: You are very frail (-20% HP). [an orb of fire]
 79660 | Zot:5    | Killed an orb of fire
 79749 | Zot:5    | Noticed an orb of fire
 79753 | Zot:5    | Killed an orb of fire
 79755 | Zot:5    | Noticed an orb of fire
 79762 | Zot:5    | Killed an orb of fire
 80058 | Zot:5    | Got the Orb of Zot
 80080 | Zot:5    | Noticed Mnugg the pandemonium lord
 80082 | Zot:5    | Noticed Wucog the pandemonium lord
 80118 | Zot:5    | Killed Wucog the pandemonium lord
 80124 | Zot:5    | Killed Mnugg the pandemonium lord
 80125 | Zot:5    | Lost mutation: Your body is deteriorating. [potion of cure mutation]
 80125 | Zot:5    | Lost mutation: You are very frail (-20% HP). [potion of cure mutation]
 80125 | Zot:5    | Lost mutation: You are frail (-10% HP). [potion of cure mutation]
 80954 | D:4      | Noticed Zerre the pandemonium lord
 80963 | D:4      | Killed Zerre the pandemonium lord
 80987 | D:3      | Noticed Amyleap the pandemonium lord
 81005 | D:3      | Killed Amyleap the pandemonium lord
 81010 | D:3      | Reached skill level 15 in Dodging
 81041 | D:3      | Noticed Twirromm the pandemonium lord
 81047 | D:3      | Killed Twirromm the pandemonium lord
 81125 | D:$      | Escaped with the Orb!

Action                   |  1- 3 |  4- 6 |  7- 9 | 10-12 | 13-15 | 16-18 | 19-21 | 22-24 | 25-27 || total
-------------------------+-------+-------+-------+-------+-------+-------+-------+-------+-------++-------
Melee: War axe           |    43 |       |       |       |     8 |  1053 |    63 |       |       ||  1167
       Hand axe          |    11 |   152 |   367 |   679 |  1317 |       |       |       |       ||  2526
       Battleaxe         |       |       |       |       |       |       |   937 |   974 |  2658 ||  4569
Invok: Upheaval          |       |       |       |    14 |    15 |    22 |    18 |     1 |    36 ||   106
       Elemental Force   |       |       |       |       |     2 |     1 |       |     1 |     7 ||    11
       Disaster Area     |       |       |       |       |       |     4 |     4 |     1 |    15 ||    24
 Abil: Dig               |       |       |       |       |       |       |       |       |    13 ||    13
Evoke: Stone of tremors  |       |       |       |     2 |       |       |       |       |       ||     2
       Wand              |       |       |       |       |     1 |       |       |       |     1 ||     2
  Use: Scroll            |       |     5 |     4 |    18 |    10 |     7 |    23 |     8 |    22 ||    97
       Potion            |       |     1 |     1 |     1 |     6 |     3 |     1 |     3 |    30 ||    46
 Stab: Fleeing           |       |       |     1 |       |       |       |       |       |       ||     1
       Distracted        |       |       |       |       |     1 |     1 |       |       |     1 ||     3
       Held in net/web   |       |       |       |       |       |     1 |       |       |       ||     1
       Invisible         |       |       |       |       |       |       |       |       |     1 ||     1
  Eat: Chunk             |       |     4 |    11 |     8 |    26 |     6 |     4 |     7 |     1 ||    67
       Bread ration      |       |     1 |       |       |     1 |     4 |     5 |     3 |    13 ||    27
       Royal jelly       |       |       |     1 |       |       |       |       |     1 |     2 ||     4
       Fruit             |       |       |     1 |    15 |     7 |     6 |     1 |     5 |     3 ||    38
       Beef jerky        |       |       |       |       |     1 |       |       |     2 |     5 ||     8
       Pizza             |       |       |       |       |       |     2 |     3 |       |     3 ||     8
       Meat ration       |       |       |       |       |       |       |     3 |       |     4 ||     7
